 Dungeon Sprint DCSS version 0.30-a0-218-gedb9141078 (webtiles) character file.

Game seed: 3237496272861589782

70 wilfster70 the Cudgeller (level 4, -1/31 HPs)
             Began as a Gargoyle Fighter on Oct 5, 2022.
             Was an Initiate of Gozag.
             Slain by a two-headed ogre
             ... wielding a +0 giant club
              (21 damage)
             ... in the Dungeon (Sprint IX: "|||||||||||||||||||||||||||||").
             The game lasted 00:01:32 (186 turns).

wilfster70 the Cudgeller (Gargoyle Fighter)          Turns: 186, Time: 00:01:33

Health: -1/31      AC: 20    Str: 24    XL:     4   Next: 21%
Magic:  1/1        EV:  6    Int:  9    God:    Gozag
Gold:   0          SH:  4    Dex:  9    Spells: 3/3 levels left

rFire   . . .      SeeInvis .    a - +5 demon whip "Spellbinder" {antimagic, Will+}
rCold   . . .      Faith    .    c - +0 buckler
rNeg    + . .      Spirit   .    p - +0 plate armour
rPois   ∞          Reflect  .    (no helmet)
rElec   +          Harm     .    n - +0 cloak
rCorr   .          Rampage  .    (no gloves)
Will    +....      NoTele   +    o - +0 pair of boots
Stlth   ..........               (no amulet)
HPRegen 0.25/turn                q - +3 ring of strength
MPRegen 0.07/turn                r - +2 ring of protection

@: no status effects
A: sickness immunity, AC +3, negative energy resistance 1, electricity
resistance, torment resistance 1, petrification resistance
a: Renounce Religion, Potion Petition, Call Merchant, Bribe Branch


You were in the Dungeon.
You worshipped Gozag.
Gozag was noncommittal.
You visited 1 branch

Inventory:

Hand Weapons
 a - the +5 demon whip "Spellbinder" (weapon) {antimagic, Will+}
   (You found it in the Dungeon)

   It reduces the magical energy of the wielder, and disrupts the spells and
   magical abilities of those it strikes.
   Natural abilities and divine invocations are not affected.
   It unleashes wild and unpredictable magical effects upon striking a wizard or
   a creature with magical abilities.
   Will:      It increases your willpower.
Armour
 c - a +0 buckler (worn)
 n - a +0 cloak (worn)
 o - a +0 pair of boots (worn)
 p - a +0 plate armour (worn)
Jewellery
 q - a +3 ring of strength (left hand)
 r - a +2 ring of protection (right hand)
Wands
 m - a wand of acid (10)
Scrolls
 j - 2 scrolls of blinking
 l - 2 scrolls of amnesia
Potions
 d - a potion of might
 e - 5 potions of curing
 f - 3 potions of heal wounds
 g - a potion of haste
 h - 4 potions of magic
 i - a potion of berserk rage
 k - a potion of invisibility


   Skills:
 + Level 5.3 Fighting
 * Level 5.6 Maces & Flails
 + Level 5.2 Armour
 - Level 4.0 Shields


You had 3 spell levels left.
You didn't know any spells.
Your spell library was empty.

Dungeon Overview and Level Annotations

Branches:
Dungeon (1/1)

Altars:
Cheibriados
Dithmenos
Elyvilon
Fedhas
Gozag
Hepliaklqana
Kikubaaqudgha
Makhleb
Nemelex Xobeh
Okawaru
Qazlal
Ru
Sif Muna
Trog
Uskayaw
Vehumet
Wu Jian
Xom
Yredelemnul
Zin
The Shining One
Jiyva
Lugonu


Innate Abilities, Weirdness & Mutations

You are immune to sickness and miasma.
Your stone body is resilient. (AC +3)
You are immune to poison.
You resist negative energy. (rN+)
You are resistant to electric shocks. (rElec)
You are resistant to unholy torment.
You are immune to petrification.


Message History

You see here a +0 pair of boots.
o - a +0 pair of boots You start putting on your armour.
You continue putting on your +0 pair of boots. x4
You finish putting on your +0 pair of boots.
You see here a +0 plate armour.
p - a +0 plate armour You start removing your armour.
You continue taking off your +0 scale mail. x4
You finish taking off your +0 scale mail.
You start putting on your armour.
You continue putting on your +0 plate armour. x5
You finish putting on your +0 plate armour.
q - a +3 ring of strength You feel stronger.
q - a +3 ring of strength (left hand)
r - a +2 ring of protection
r - a +2 ring of protection (right hand)
You drop a +0 scale mail.
You open the door.
A howler monkey, a komodo dragon, an orc warrior, a troll and 2 two-headed ogres come into view.
The howler monkey howls!
The two-headed ogre shouts in stereo!
The komodo dragon hisses angrily.
The orc warrior shouts!
The troll shouts!
You barely miss the two-headed ogre.
The two-headed ogre hits you but does no damage.
The two-headed ogre hits you with a +0 giant club.
You hit the two-headed ogre.
The two-headed ogre is lightly wounded.
You closely miss the two-headed ogre.
The two-headed ogre is lightly wounded.
The two-headed ogre hits you but does no damage. x2
You whack the two-headed ogre!
The two-headed ogre is moderately wounded.
You thrash the two-headed ogre!!
The two-headed ogre is severely wounded.
The two-headed ogre hits you with a +0 giant club!
The two-headed ogre hits you with a +0 giant club!!
Ouch! That really hurt!
You die...
Your body crumbles into a pile of gold.

$
▓.▓
$
▓h▓
$ $
▓O▓
$
▓l▓
$
▓o▓
▓T▓
$ $
▓O▓
▓@▓
$
▓[▓
▓.▓
$
▓.▓
▓.▓
$
▓.▓
$
▓)▓
$
▓.▓
$
▓.▓


You could see 2 two-headed ogres, a komodo dragon, a troll, an orc warrior and a
howler monkey.

Vanquished Creatures
  A jelly (D)
  A hound (D)
  2 orcs (D)
  2 endoplasms (D)
  2 giant cockroaches (D)
  A jackal (D)
  A quokka (D)
10 creatures vanquished.

Notes
Turn   | Place    | Note
-------+----------+-------------------------------------------
     0 | D        | wilfster70 the Gargoyle Fighter began the quest for the
                  | Orb.
     0 | D        | Reached XP level 1. HP: 14/14 MP: 1/1
    25 | D        | Reached XP level 2. HP: 13/20 MP: 2/2
    70 | D        | Reached XP level 3. HP: 22/25 MP: 3/3
    75 | D        | Reached skill level 5 in Fighting
    75 | D        | Reached skill level 5 in Maces & Flails
    75 | D        | Reached skill level 5 in Armour
    75 | D        | Reached XP level 4. HP: 26/31 MP: 4/4
    97 | D        | Found a snail-covered altar of Cheibriados.
    97 | D        | Found a shadowy altar of Dithmenos.
    97 | D        | Found a white marble altar of Elyvilon.
    97 | D        | Found a blossoming altar of Fedhas.
    97 | D        | Found an opulent altar of Gozag.
    98 | D        | Found a hazy altar of Hepliaklqana.
    99 | D        | Found a viscous altar of Jiyva.
   100 | D        | Found an ancient bone altar of Kikubaaqudgha.
   101 | D        | Found a corrupted altar of Lugonu.
   102 | D        | Found a burning altar of Makhleb.
   103 | D        | Found a sparkling altar of Nemelex Xobeh.
   104 | D        | Found an iron altar of Okawaru.
   105 | D        | Became a worshipper of Gozag Ym Sagoz the Greedy
   106 | D        | Found a stormy altar of Qazlal.
   107 | D        | Found a sacrificial altar of Ru.
   108 | D        | Found a shimmering blue altar of Sif Muna.
   109 | D        | Found a bloodstained altar of Trog.
   110 | D        | Found a hide-covered altar of Uskayaw.
   111 | D        | Found a radiant altar of Vehumet.
   112 | D        | Found an ornate altar of the Wu Jian Council.
   113 | D        | Found a shimmering altar of Xom.
   114 | D        | Found a basalt altar of Yredelemnul.
   115 | D        | Found a glowing silver altar of Zin.
   116 | D        | Found a glowing golden altar of the Shining One.
   124 | D        | Found the +5 demon whip "Spellbinder" {antimagic, Will+}
   181 | D        | Noticed a two-headed ogre
   181 | D        | Noticed a komodo dragon
   181 | D        | Noticed an orc warrior
   181 | D        | Noticed a troll
   181 | D        | Noticed a two-headed ogre
   186 | D        | Slain by a two-headed ogre

Illustrated notes

Levels and vault maps discovered:
D:        linesprint [early_d, line_temple, items_1, d_10, items_2, lair_1,
          lair_end, items_3, orc_1, orc_end, items_4, d_15, swamp_1, shoals_1,
          snake_1, spider_1, d_20, vaults_1, items_5, swamp_end, shoals_end,
          snake_end, spider_end, vaults_end, d_27, items_6, zot_1, zot_end,
          crypt_end, forest_end, elf_end, slime_end, tomb_end, abyss_end,
          pan_hell_end]

Skill      XL: |  1  2  3 |
---------------+----------+-----
Maces & Flails | 3 4 5 |  5.6
Fighting       | 4 5 |  5.3
Shields        | 4 |  4.0
Armour         | 4 5 |  5.2

Action                   |  1- 3 |  4- 6 || total
-------------------------+-------+-------++-------
Melee: Flail             |    37 |       ||    37
       Demon whip        |       |     5 ||     5
Armor: Scale mail        |    15 |       ||    15
       Plate armour      |       |     3 ||     3
Dodge: Dodged            |    22 |       ||    22
Block: Buckler           |     5 |       ||     5

Table legend: (Time is in decaauts)
 A = Elapsed time spent in this place.
 B = Non-inter-level travel time spent in this place.
 C = Inter-level travel time spent in this place.
 D = Time resting spent in this place.
 E = Time spent auto-exploring this place.
 F = Levels seen in this place.
 G = Mean time per level.
                   A        B        C        D        E       F      G
               +--------+--------+--------+--------+--------+-----+--------+
         Total |    194 |    188 |      6 |     43 |      0 |   1 |  194.0 |
       Dungeon |    194 |    188 |      6 |     43 |      0 |   1 |  194.0 |
               +--------+--------+--------+--------+--------+-----+--------+

Top non-repeatable levels by time:
       D: 194 daAuts
